[Event "*** Titled Tuesday Blitz"]
[Site "Chess.com"]
[Date "2021.02.09"]
[Round "1"]
[White "SARGISMV"]
[Black "K_A_S_T_O_R"]
[Result "1-0"]
[WhiteElo "2431"]
[BlackElo "2802"]
[TimeControl "180+1"]
[EndTime "10:08:55 PST"]
[Termination "SARGISMV won by checkmate"]

1. d4 Nf6 2. Nf3 e6 3. c4 Bb4+ 4. Bd2 Qe7 5. Nc3 O-O 6. e3 b6 7.
Bd3 Bb7 8. Qc2 d6 9. e4 e5 10. d5 Bxc3 11. Bxc3 a5 12. O-O Nbd7 13. Rfe1 Nc5 14. Bf1 Nh5 15. b3 g6 16. a3 Ng7 17.
b4 axb4 18. axb4 Nd7 19. Bd2 Rfc8 20. h4 Qf8 21. Bh6 Rxa1 22. Rxa1 Ra8 23. Qb2 Qb8 24. Ne1 Nf6 25. f3 Nd7 26. Nd3 f5 27. c5 bxc5 28. bxc5 Rxa1 29. Qxa1 fxe4 30. fxe4 Bc8 31. c6 Nf6 32.
Nf2 Ngh5 33. Qc3 Qb6 34. Be3 Qb1 35. Qc1 Qb4 36. Qd2 Qb1 37. Qc1 Qb4 38. Qd2 Qa4 39. Bd3 Ng3 40. Qc2 Qb4 41. Kh2 Qe1 42. Qd2 Nf1+ 43.
Bxf1 Qxf1 44. Bg5 Nh5 45. Qe3 Qa1 46. Qf3 Qe1 47. Bh6 Nf4 48. Bxf4 exf4 49. Qxf4 Qa1 50. Kg3 Kg7 51. Qf3 Qe5+ 52. Qf4 Qc3+ 53. Kh2 h5 54. Nh3 Bxh3 55. gxh3 Qc2+ 56. Kg3 Qd3+ 57. Qf3 Qd4 58. Qf4 Qg1+ 59. Kf3 Qf1+ 60. Ke3 Qxh3+ 61.
Kd4 Qh1 62. Qg5 Qa1+ 63. Kc4 Qf6 64. Qe3 Qe5 65. Kb5 Qb2+ 66. Ka6 Qb4 67. Ka7 Kf7 68.
Ka8 Ke8 69. Qf4 Qa5+ 70. Kb8 Qb6+ 71. Kc8 Qa5 72. Qf6 Qa8+ 73. Kxc7 Qa7+ 74. Kxd6 Qa3+ 75. Ke6 Qc5 76. Qf7+ Kd8 77. Qd7# 1-0

[Event "*** Titled Tuesday Blitz"]
[Site "Chess.com"]
[Date "2021.02.09"]
[Round "1"]
[White "Aslanov_Umid"]
[Black "OhanyanEminChess"]
[Result "1-0"]
[WhiteElo "2344"]
[BlackElo "2620"]
[TimeControl "180+1"]
[EndTime "10:08:56 PST"]
[Termination "Aslanov_Umid won by checkmate"]

1. e4 e5 2. Nf3 Nc6 3. Bc4 Nf6 4. O-O Nxe4 5. Re1 d5 6. Bb5 Bd6 7. d3 Nf6 8. Nxe5 O-O 9. Bxc6 bxc6 10. Nxc6 Bxh2+ 11. Kxh2 Qd6+ 12. Ne5 Ng4+ 13. Kg1 Nxe5 14. Bf4 f6 15. d4 Re8 16. dxe5 fxe5 17. Bg3 Bf5 18. Nc3 c6 19. Qf3 Bxc2 20. Rac1 Bg6 21. Re2 Re6 22. Rce1 Rae8 23. Qg4 Bd3 24. Re3 Ba6 25. Qg5 h6 26. Qh5 d4 27. Rxe5 Rxe5 28.
Qxe8+ Rxe8 29. Rxe8+ Kf7 30. Bxd6 Kxe8 31. Na4 Bd3 32.
Bc5 Bc2 33. Bxd4 Bxa4 34. Bxa7 Bc2 35. Bd4 g6 36. Be3 h5 37. Kh2 Kd7 38. Kg3 Ke6 39. Kf4 Kd5 40. a3 Kc4 41. Bd2 Kb3 42. Bc3 Bf5 43.
Ke5 Kc4 44. Kd6 Kb5 45. g3 Be4 46. Ke5 Bf5 47. Bb4 Kc4 48. Kd6 Kb5 49. Bc5 g5 50.
Ke5 h4 51. gxh4 Bc2 52. hxg5 Kxc5 53. Kf6 Kd5 54. f4 Ke4 55. f5 Kf4 56. g6 Bxf5 57.
g7 Bh7 58. a4 Ke4 59. a5 Kd5 60. a6 Kd6 61. a7 Bg8 62. a8=Q Bd5 63. Qf8+ Kc7 64. g8=Q Bxg8 65. Qxg8 Kd6 66. Qf8+ Kd5 67. b4 Kc4 68. Qc5+ Kb3 69. Qxc6 Ka3 70. b5 Kb3 71. b6 Kb4 72. b7 Ka5 73. Ke5 Kb4 74. b8=Q+ Ka5 75.
Qca8# 1-0

[Event "*** Titled Tuesday Blitz"]
[Site "Chess.com"]
[Date "2021.02.09"]
[Round "1"]
[White "aa175"]
[Black "HanSchut"]
[Result "1-0"]
[WhiteElo "2588"]
[BlackElo "2281"]
[TimeControl "180+1"]
[EndTime "10:08:57 PST"]
[Termination "aa175 won on time"]

1. d4 Nf6 2. Nf3 g6 3. Bf4 Bg7 4. e3 O-O 5. Be2 b6 6. O-O Bb7 7. c4 d6 8. Nc3 Nbd7 9. Qc2 Re8 10.
Rfd1 Nh5 11. Bg5 h6 12. Bh4 Bf6 13. Bxf6 Nhxf6 14. b4 Kg7 15. a4 e6 16. a5 Qe7 17.
Nb5 Nf8 18. axb6 axb6 19. c5 Be4 20. cxd6 cxd6 21. Qc7 Rxa1 22. Rxa1 Qxc7 23. Nxc7 Rc8 24. Rc1 Kh7 25. Nd2 Bb7 26. Nb3 Nd5 27. Nxd5 Rxc1+ 28.
Nxc1 Bxd5 29. Bf3 Bxf3 30. gxf3 Nd7 31. Ne2 Kg7 32. Nc3 Kf8 33. Kf1 Ke7 34. Ke2 h5 35. h4 f6 36. f4 Kd8 37. Nb5 Ke7 38.
Na7 e5 39. fxe5 dxe5 40. d5 Kd6 41. e4 f5 42. f3 fxe4 43. fxe4 Nf6 44. Nb5+ Kd7 45.
Kf3 Ng4 46. Na3 Nh2+ 47. Kg2 Ng4 48. Nc4 Kc7 49. Kf3 b5 50. Na5 Nh2+ 51. Kg3 Ng4 52. Kf3 Nh2+ 53. Ke2 Ng4 54. Nc6 Kd6 55. Kf3 Nh2+ 56.
Kg3 Ng4 57. Kf3 Nh2+ 58. Ke3 Ng4+ 59. Ke2 Nh2 60. Na7 Kc7 61. Nxb5+ Kb6 62. Nc3 Ng4 63. Kf3 Nf6 64. b5 Nh7 65. Kg3 g5 66. hxg5 Nxg5 67. Kh4 Nf7 68. Kxh5 Nd6 69. Kg5 Kc5 70. Kf6 Kd4 71.
b6 Kxc3 72. Kxe5 Nb7 73. d6 Kc4 74. d7 Kc5 75. Ke6 Kxb6 76. Ke7 Kc7 77. e5 Nd8 78. e6 Nc6+ 79. Ke8 Kd6 80. e7 Kc7 81. d8=Q+ Nxd8 82. exd8=Q+ Kc6 83. Qd4 1-0

[Event "*** Titled Tuesday Blitz"]
[Site "Chess.com"]
[Date "2021.02.09"]
[Round "1"]
[White "erdni1993"]
[Black "DenLaz"]
[Result "0-1"]
[WhiteElo "2417"]
[BlackElo "2821"]
[TimeControl "180+1"]
[EndTime "10:08:59 PST"]
[Termination "DenLaz won by resignation"]

1. e4 e5 2. Nf3 Nc6 3. Bb5 a6 4. Ba4 Nf6 5. O-O Be7 6. Re1 b5 7. Bb3 d6 8. h3 Na5 9. c3 Nxb3 10. axb3 Bb7 11. d3 O-O 12. Nbd2 Re8 13. Qe2 Bf8 14. Nf1 h6 15. Ng3 g6 16. b4 c6 17.
Be3 a5 18. bxa5 Rxa5 19. b4 Ra8 20. Rxa8 Qxa8 21. Qb2 Qc8 22. Ra1 Qc7 23. Ra7 Ra8 24. Qa3 Qb8 25. Rxa8 Qxa8 26. Qxa8 Bxa8 27. c4 Nd7 28.
cxb5 cxb5 29. d4 d5 30. exd5 Bxd5 31. Nxe5 Nxe5 32. dxe5 Bxb4 33. Bxh6 Bc3 34. Bf4 b4 35. Ne2 Ba1 36. Bd2 b3 37. Nc3 b2 38. f4 Be4 39. g4 b1=Q+ 40. Nxb1 Bxb1 41. Kf2 Kf8 42. Kg3 Bd4 43. Bb4+ Kg7 44. h4 Be4 45. Be7 Bc3 46.
Bf6+ Kh6 47. Bg5+ Kh7 48. Bf6 Be1+ 49. Kh3 Bf3 50. Be7 Be4 51. Bf6 Kg8 52. Be7 Kg7 53. Bf6+ Kf8 54. Bg5 Ke8 55. Bf6 Kd7 56. h5 gxh5 57.
gxh5 Bf5+ 58. Kg2 Bd2 59. Kf3 Ke6 60. h6 Bh7 61. Kg4 Bb4 62. Bg7 Be7 63. Bh8 Bf5+ 64.
Kf3 Bc2 65. Bg7 Bh7 66. Kg4 Bc5 67. Kf3 Kf5 68. Kg3 Bb4 69. Kf3 Bd2 70. Bf8 Bxf4 71.
Bg7 Bxe5 72. Bf8 Ke6 73. Bg7 Bxg7 74. hxg7 Kf6 75. Kf4 Bg8 76. Kg4 Kxg7 77. Kf4 f6 0-1

[Event "*** Titled Tuesday Blitz"]
[Site "Chess.com"]
[Date "2021.02.09"]
[Round "1"]
[White "eduardoperalta"]
[Black "Chesswizard_2007"]
[Result "1-0"]
[WhiteElo "2379"]
[BlackElo "2671"]
[TimeControl "180+1"]
[EndTime "10:08:59 PST"]
[Termination "eduardoperalta won on time"]

1. d4 g6 2. c4 Bg7 3. Nc3 c5 4. d5 Bxc3+ 5. bxc3 e5 6. e4 d6 7. h4 h6 8. f4 Nd7 9. Nf3 Ngf6 10.
Bd3 h5 11. fxe5 Nxe5 12. Nxe5 dxe5 13. Bg5 Qd6 14. O-O Ng4 15. Be2 f6 16. Bc1 O-O 17. Rb1 b6 18. Qd3 Bd7 19. Qg3 Rf7 20. Bd2 Kh7 21.
Rf3 Raf8 22. Rbf1 Kg7 23. Rd3 a5 24. Bxg4 Bxg4 25. Qe3 Rh8 26. Bc1 Ra7 27. Rd2 a4 28. Rdf2 Rf7 29. Qg3 Rhf8 30. Qe3 Kg8 31. Qh6 Rg7 32. Qd2 f5 33. Qg5 f4 34. Kh2 Qf6 35. g3 Qxg5 36. hxg5 f3 37. Be3 Kf7 38. Rb1 Rb8 39.
Rfb2 Ke8 40. Rxb6 Rxb6 41. Rxb6 Rf7 42. Kg1 Kd8 43. Kf2 Rh7 44. Rxg6 Rb7 45. Rf6 Rb2+ 46.
Ke1 Re2+ 47. Kf1 Bh3+ 48. Kg1 Rg2+ 49. Kh1 Rxg3 50. Bxc5 Rxg5 51. Kh2 Bg2 52. Be3 Rg4 53. c5 Rh4+ 54. Kg3 Rxe4 55. c6 Rc4 56. Bb6+ Ke7 57. Re6+ Kf7 58. c7 h4+ 59. Kf2 h3 60. Rc6 Rxc6 61. dxc6 h2 62. c8=Q h1=Q 63. Qf5+ Kg7 64. Qxe5+ Kg6 65. Qe4+ Kf7 66. Qf5+ Kg7 67. Bd4+ Kh6 68.
Be3+ Kg7 69. Bd4+ Kh6 70. Qf6+ Kh5 71. Qh8+ Kg6 72. Qxh1 Bxh1 73. c7 1-0

[Event "*** Titled Tuesday Blitz"]
[Site "Chess.com"]
[Date "2021.02.09"]
[Round "1"]
[White "XDPS"]
[Black "stasiek18"]
[Result "1/2-1/2"]
[WhiteElo "2745"]
[BlackElo "2407"]
[TimeControl "180+1"]
[EndTime "10:09:02 PST"]
[Termination "Game drawn - insufficient material"]

1. e4 e6 2. d4 d5 3. Nc3 Nf6 4.
Bd3 dxe4 5. Nxe4 Nxe4 6. Bxe4 Nd7 7. Ne2 Nf6 8. Bf3 Be7 9. O-O O-O 10. c3 c5 11. Qb3 Nd5 12. Rd1 Qb6 13. Bxd5 exd5 14.
Qxd5 Be6 15. Qf3 Rad8 16. d5 Bf6 17. Be3 Bc8 18. b4 Rfe8 19. h3 Qa6 20. bxc5 Qc4 21. d6 Bd7 22. a4 Bc6 23. Qg4 Re4 24. Qh5 Rh4 25. Rd4 Qxd4 26. cxd4 Rxh5 27. Nf4 Rf5 28. Rd1 Bxa4 29. Rd2 h5 30. g4 hxg4 31. hxg4 Rg5 32. f3 b6 33. Kf2 bxc5 34. dxc5 Bc6 35. Kg3 Be5 36. Kf2 Bxf4 37. Bxf4 Rd5 38. Rc2 f6 39. Be3 Kf7 40. Ra2 Rd7 41. Ra6 Bb5 42. Ra1 Ke6 43. Re1 Re5 44. Rc1 Kd5 45. Bf4 Re6 46. Be3 Kc6 47. Bd4 a6 48. Rh1 Rd8 49. Rh7 Rd7 50. Rh8 Re2+ 51. Kg3 Rd2 52. Be3 Rd3 53. Bf2 g5 54.
Rf8 Ba4 55. Rc8+ Kd5 56. Rf8 Bd1 57. Rxf6 Kc6 58. Kg2 Bxf3+ 59. Rxf3 Rxf3 60. Kxf3 a5 61. Ke4 a4 62. Bd4 Rf7 63. Ke5 a3 64. Ke6 Ra7 65. Bf6 a2 66. Be5 a1=Q 67. Bxa1 Rxa1 68. Kf5 Rf1+ 69.
Kxg5 Kxc5 70. d7 Rd1 71. Kh6 Rxd7 72. g5 Kd5 73. g6 Ke6 74. g7 Kf7 75. Kh7 Kf6 76.
Kh8 Rd8+ 77. g8=Q Rxg8+ 78. Kxg8 1/2-1/2

[Event "*** Titled Tuesday Blitz"]
[Site "Chess.com"]
[Date "2021.02.09"]
[Round "1"]
[White "shineatchess"]
[Black "mjray79"]
[Result "0-1"]
[WhiteElo "2198"]
[BlackElo "2523"]
[TimeControl "180+1"]
[EndTime "10:09:02 PST"]
[Termination "mjray79 won by checkmate"]

1. e4 e5 2. Nf3 Nc6 3. Nc3 Nf6 4. Bb5 Bd6 5. O-O a6 6. Ba4 O-O 7. a3 Re8 8. d3 Bf8 9. Bg5 g6 10. Nd5 Bg7 11. Qd2 d6 12. c3 Be6 13.
Rfe1 Bxd5 14. exd5 b5 15. dxc6 bxa4 16. d4 e4 17. Nh4 d5 18. Qc2 h6 19. Be3 Ng4 20.
g3 Nxe3 21. Rxe3 Rb8 22. Rb1 Rb6 23. Qxa4 Qd6 24. f3 Qxc6 25. Qxc6 Rxc6 26. fxe4 dxe4 27. Rbe1 f5 28. g4 Rf6 29. Ng2 Rb8 30. gxf5 gxf5 31. R1e2 f4 32. Rxe4 f3 33. Re8+ Kh7 34. Rxb8 fxe2 35.
Ne1 Rf1+ 36. Kg2 Rxe1 37. Re8 Kg6 38. Kf2 Rh1 39. Kxe2 Rxh2+ 40. Kd3 Rxb2 41. Re6+ Kf5 42. Rxa6 Rb7 43. c4 h5 44. Ra5+ Kg4 45. c5 h4 46.
c6 Rb6 47. d5 h3 48. Ra4+ Kg3 49. Re4 h2 50. Re3+ Kg2 51. Re2+ Kg1 52. Re1+ Kf2 53. Rc1 Ra6 54. d6 cxd6 55. c7 Rxa3+ 56. Ke4 Ra8 57.
Kd5 Bc3 58. Rc2+ Kg1 59. Rc1+ Kf2 60. Kxd6 Bd2 61. Rd1 Be1 62. Kd7 h1=Q 63. c8=Q Rxc8 64. Kxc8 Qh3+ 65. Kc7 Qc3+ 66. Kb6 Qb4+ 67. Ka7 Qa4+ 68. Kb8 Qxd1 69. Ka8 Ke3 70. Ka7 Kd4 71. Ka8 Kc5 72.
Ka7 Qb3 73. Ka8 Kc6 74. Ka7 Qb7# 0-1

[Event "*** Titled Tuesday Blitz"]
[Site "Chess.com"]
[Date "2021.02.09"]
[Round "1"]
[White "IwkooO"]
[Black "Tenamu"]
[Result "1-0"]
[WhiteElo "2764"]
[BlackElo "2401"]
[TimeControl "180+1"]
[EndTime "10:09:04 PST"]
[Termination "IwkooO won by resignation"]

1. e4 e6 2. d4 d5 3. Nd2 c5 4. Ngf3 cxd4 5. Nxd4 e5 6. N4f3 dxe4 7. Nxe5 Qd5 8. Nec4 Bc5 9. Be2 Nf6 10. O-O O-O 11.
b3 b5 12. Ne3 Bxe3 13. fxe3 Rd8 14. c4 Qg5 15. Rf4 Nc6 16. Bb2 Ne5 17. Qe1 Bb7 18.
cxb5 Rac8 19. Nc4 Nf3+ 20. Bxf3 exf3 21. Qf2 Ne4 22. Qxf3 f5 23. Rxf5 Qg6 24. Rf4 Nd6 25.
Qg4 Qxg4 26. Rxg4 Nxc4 27. bxc4 Rd2 28. Rxg7+ Kf8 29. Rxb7 Rxb2 30. Rxa7 Rxc4 31. Rf1+ Ke8 32. Rxh7 Rxb5 33. Rg7 Rb2 34. h3 Rxa2 35. Rf4 Rc3 36. Rf3 Rcc2 37. Kh2 Ra4 38. Rf4 Ra3 39. Rh4 Kf8 40. Rb7 Kg8 41. Rd4 Ra8 42. Rbd7 Rcc8 43. h4 Rf8 44. Rg4+ Kh8 45. Rd5 Ra7 46. Rh5+ Rh7 47.
Rxh7+ Kxh7 48. Kg3 Kh6 49. Rf4 Rg8+ 50. Kf3 Kh5 51. e4 Re8 52. g3 Re6 53. Rf5+ Kg6 54. g4 Ra6 55. Kf4 Kh6 56. h5 Ra1 57. Rf6+ Kg7 58. g5 Rf1+ 59. Ke5 Rg1 60. h6+ Kg8 61.
Kf5 Ra1 62. Kg6 Ra8 63. h7+ Kh8 64. e5 Re8 65. Kf5 Kxh7 66. Rf7+ Kg8 67. g6 Ra8 68. Kf6 Rb8 69. e6 Rb6 70. Rc7 Rb8 71. Rd7 Ra8 72. e7 Ra6+ 73. Kf5 Ra5+ 74. Kf4 Ra4+ 75. Kf3 Ra3+ 76. Kf2 Ra2+ 77. Ke1 Ra1+ 78. Rd1 Ra8 79. Rd8+ Kg7 1-0

[Event "*** Titled Tuesday Blitz"]
[Site "Chess.com"]
[Date "2021.02.09"]
[Round "1"]
[White "manitodeplomo"]
[Black "Nils_03"]
[Result "1/2-1/2"]
[WhiteElo "2622"]
[BlackElo "2331"]
[TimeControl "180+1"]
[EndTime "10:09:10 PST"]
[Termination "Game drawn - insufficient material"]

1. d4 d5 2. c4 e6 3. Nf3 c6 4. Nc3 dxc4 5. e3 b5 6. a4 Bb4 7. Bd2 a5 8. axb5 Bxc3 9. Bxc3 cxb5 10. b3 Bb7 11. bxc4 b4 12. Bb2 Nf6 13. Bd3 O-O 14. O-O Nbd7 15. Re1 Ne4 16. Rc1 Qc7 17. c5 Bd5 18. Bxe4 Bxe4 19. Nd2 Bc6 20. e4 a4 21.
d5 exd5 22. exd5 Bxd5 23. Qg4 f6 24. c6 Ne5 25. Qxb4 Nxc6 26. Qc5 Ra5 27. Qc3 Qd7 28. Nf1 Rb5 29. Ba3 Rfb8 30. Ne3 Ne5 31. Red1 Qf7 32.
Bd6 Rd8 33. Bxe5 fxe5 34. Qxe5 a3 35. Rc7 Qf6 36. Qxf6 gxf6 37. h3 a2 38. Rcc1 Rd7 39.
Ra1 Ra5 40. Nxd5 Rdxd5 41. Rxd5 Rxd5 42. Rxa2 Kg7 43. Ra3 Kg6 44. Rg3+ Kf7 45. Kh2 h5 46. Rf3 Ra5 47. h4 Kg6 48. g3 Ra4 49. Kg2 Rb4 50. Re3 Ra4 51. Kf3 Rb4 52. Re4 Rb3+ 53. Kf4 Rb2 54. f3 Rb3 55. g4 hxg4 56. fxg4 Rb1 57.
Re6 Rf1+ 58. Kg3 Rg1+ 59. Kh3 Rh1+ 60. Kg3 Rg1+ 61. Kf3 Rf1+ 62. Kg2 Ra1 63. g5 Kh5 64. gxf6 Ra2+ 65. Kg3 Ra3+ 66. Kf4 Kg6 67. Rd6 Ra4+ 68.
Ke5 Rxh4 69. Ke6 Re4+ 70. Kd5 Re1 71. Re6 Rd1+ 72. Ke5 Re1+ 73. Kd6 Rd1+ 74. Ke7 Rf1 75.
f7+ Kg7 76. f8=Q+ Rxf8 77. Rg6+ Kxg6 78. Kxf8 1/2-1/2

[Event "*** Titled Tuesday Blitz"]
[Site "Chess.com"]
[Date "2021.02.09"]
[Round "1"]
[White "rugbyclub"]
[Black "Artyom_ChessMate"]
[Result "1-0"]
[WhiteElo "2270"]
[BlackElo "2543"]
[TimeControl "180+1"]
[EndTime "10:09:11 PST"]
[Termination "rugbyclub won by resignation"]

1. e4 c5 2. Nf3 d6 3. Bb5+ Bd7 4. Bxd7+ Qxd7 5. O-O Nc6 6. c3 Nf6 7. Re1 e6 8. d4 cxd4 9. cxd4 d5 10. e5 Ne4 11. a3 Be7 12. Nbd2 Nxd2 13. Bxd2 O-O 14. h4 Rfc8 15. h5 h6 16. b4 b5 17. Rc1 a5 18.
bxa5 Bxa3 19. Rb1 b4 20. Bf4 Nxa5 21. Nh2 b3 22. Ng4 Kh8 23. Qd3 Bf8 24. Bxh6 Qe7 25. g3 Rab8 26. Bf4 b2 27. h6 g6 28.
Nf6 Nc4 29. Kg2 Qa3 30. Qe2 Qe7 31. Rh1 Na3 32. Rxb2 Nc4 33. Rxb8 Rxb8 34. h7 Rb2 35. Qg4 Bg7 36. Qh4 Qf8 37. Bg5 Rc2 38. Nd7 Qc8 39. Bf6 Ne3+ 40. Kf3 Nf5 41. Bxg7+ Nxg7 42. Qe7 Qc3+ 43.
Kg2 Rxf2+ 44. Kxf2 Qd2+ 45. Kf3 Qd3+ 46. Kg2 Qe2+ 47.
Kh3 Qh5+ 48. Kg2 Qe2+ 49. Kg1 Qe1+ 50. Kh2 Qe2+ 51. Kg1 Qe1+ 52. Kh2 Qe2+ 53. Kh3 Qh5+ 54. Qh4 Qe2 55. Nf6 Nf5 56. Qg5 Qf2 57. Qf4 Qe2 58. Ne8 Qe3 59. Qxe3 Nxe3 60. Nd6 Nf5 61. Nxf7+ Kxh7 62. Kg4+ Kg7 63. Ng5 Nxd4 64. Rd1 Nf5 65. Nxe6+ Kf7 66.
Nf4 d4 67. e6+ Ke7 68. Kg5 Ne3 69. Rxd4 Nf5 70. Rd7+ Ke8 71. g4 Ne7 72. Kf6 Ng8+ 73. Kxg6 Ne7+ 74. Kf6 Ng8+ 75. Ke5 Ne7 76. g5 Ng6+ 77.
Kf5 Ne7+ 78. Rxe7+ Kxe7 79. Nd5+ Kf8 80. Kf6 Kg8 81.
e7 Kh7 82. g6+ Kh6 83. g7 Kh5 84. g8=Q Kh4 1-0

[Event "*** Titled Tuesday Blitz"]
[Site "Chess.com"]
[Date "2021.02.09"]
[Round "1"]
[White "Cuajada_Zero"]
[Black "Gerodot71"]
[Result "0-1"]
[WhiteElo "2198"]
[BlackElo "2518"]
[TimeControl "180+1"]
[EndTime "10:09:12 PST"]
[Termination "Gerodot71 won on time"]

1. d4 Nf6 2. c4 e6 3. Nc3 Bb4 4. e3 d5 5. Ne2 dxc4 6. a3 Be7 7. Qa4+ Nbd7 8. g3 O-O 9. Qxc4 c5 10. Bg2 cxd4 11. Nxd4 Ne5 12. Qe2 Bd7 13. O-O Qb6 14.
Rd1 Rac8 15. h3 Rfd8 16. Bd2 Nc6 17. Be1 Nxd4 18. Rxd4 Bc6 19. Rxd8+ Rxd8 20. Rd1 Rxd1 21. Nxd1 Bxg2 22. Kxg2 h5 23. Bc3 g6 24. f3 Nd5 25.
Bd4 Qb3 26. Nf2 a6 27. e4 Nb6 28. Qd3 Qxd3 29. Nxd3 Nc4 30. Kf2 f6 31. g4 e5 32. Bc3 Kf7 33. Ke2 Ke6 34. a4 Nb6 35.
b3 Nd7 36. Nb2 b5 37. axb5 axb5 38. b4 Nb6 39. Kd3 Kd7 40. Kc2 Kc6 41. Kb3 Bd6 42.
Bd2 Be7 43. Be3 Nc8 44. Nd3 Nd6 45. Bc5 Nc8 46. Kc3 Bd8 47. Be3 Nd6 48. Nb2 f5 49. gxf5 gxf5 50. exf5 Bf6 51. Bc5 e4+ 52. Bd4 Bxd4+ 53.
Kxd4 exf3 54. Ke3 Nxf5+ 55. Kxf3 Kd5 56. Kf4 Nd4 57. Kg5 Ke4 58. Kxh5 Ke3 59. Kg5 Kd2 60. h4 Kc2 61. h5 Kxb2 62. Kf6 Kc3 63. h6 Kxb4 64.
h7 Kc3 65. h8=Q b4 66. Qc8+ Kb2 67. Ke5 Nc2 68. Ke4 b3 69. Kd3 Nb4+ 70. Kc4 Nc2 71.
Qh8+ Ka2 72. Kc3 b2 73. Qa8+ Na3 74. Qg8+ Ka1 0-1

[Event "*** Titled Tuesday Blitz"]
[Site "Chess.com"]
[Date "2021.02.09"]
[Round "1"]
[White "Nathan_Filgueiras"]
[Black "AlexTriapishko"]
[Result "1/2-1/2"]
[WhiteElo "2443"]
[BlackElo "2848"]
[TimeControl "180+1"]
[EndTime "10:09:15 PST"]
[Termination "Game drawn by stalemate"]

1. e4 c5 2. Nf3 Nc6 3. d4 cxd4 4.
Nxd4 e5 5. Nb5 d6 6. a4 a6 7.
N5a3 Be6 8. Nc3 Nf6 9. Bg5 Be7 10. Bxf6 Bxf6 11. Bc4 O-O 12. O-O Rc8 13. Nd5 Bg5 14. c3 g6 15. Qd3 Kg7 16. Rad1 f5 17. Nb6 Qxb6 18. Bxe6 fxe4 19. Qxe4 Rf4 20. Qe3 Qxe3 21. fxe3 Rxf1+ 22. Kxf1 Rd8 23. Ke2 Be7 24. e4 Na7 25. Bd5 b5 26. axb5 axb5 27. Nc2 Nc8 28. Bc6 Na7 29. Nb4 Rc8 30. Bd5 Rc7 31. Bb3 h5 32. Nd5 Rb7 33. Ne3 Bf8 34. Bd5 Rc7 35. Nc2 Nc8 36.
Nb4 Nb6 37. Bb3 Nd7 38. Bd5 Ra7 39. Ke3 Nc5 40. Bc6 Be7 41. Bd5 Bg5+ 42. Kf3 Ra5 43. g3 Ra7 44. h4 Bd8 45. Ke3 Re7 46. Nc6 Re8 47. Rf1 Bb6 48. Rf7+ Kh6 49. Kf3 Nd3 50. Rf6 Kg7 51. Rxd6 Rf8+ 52. Ke2 Nxb2 53. Rd7+ Kh6 54. Nxe5 Rf2+ 55. Ke1 Be3 56. Rd6 Rh2 57. Rxg6+ Kh7 58. Kf1 Rf2+ 59. Ke1 Rf8 60. Re6 Bf2+ 61. Ke2 Bxg3 62. Re7+ Kh6 63. Bc6 Rf2+ 64. Ke1 Rf4+ 65.
Kd2 Rxe4 66. Kc2 Rxe5 67. Rxe5 Bxe5 68. Kxb2 b4 69. Kb3 bxc3 70. Be4 Kg7 71. Bf5 Bf6 72. Bd3 Kf7 73. Be2 Kg6 74. Kc2 Bxh4 75. Kxc3 Bf6+ 76. Kd3 h4 77. Ke3 h3 78. Kf3 h2 79. Kg2 Be5 80.
Kh1 Kg5 81. Bh5 Kh4 82. Kg2 Kxh5 83. Kh1 Kh4 84. Kg2 Kg4 85. Kh1 Kh3 1/2-1/2

[Event "*** Titled Tuesday Blitz"]
[Site "Chess.com"]
[Date "2021.02.09"]
[Round "1"]
[White "grunbergmihai"]
[Black "amintabatabaei"]
[Result "0-1"]
[WhiteElo "2458"]
[BlackElo "2943"]
[TimeControl "180+1"]
[EndTime "10:09:20 PST"]
[Termination "amintabatabaei won by resignation"]

1. Nf3 d5 2. c4 e6 3. g3 c6 4. Bg2 f5 5. O-O Nf6 6. d4 Bd6 7. b3 Qe7 8. Bf4 Bxf4 9. gxf4 O-O 10. Ne5 Nbd7 11. Nd2 Nxe5 12. fxe5 Ne4 13. Nxe4 fxe4 14. f3 exf3 15. exf3 Bd7 16. f4 Rf5 17. Bh3 Rf7 18. Qg4 Raf8 19. c5 b6 20. b4 Kh8 21. Rf2 Qd8 22. Kh1 bxc5 23. bxc5 Qa5 24. Qg3 Qb4 25. Rd1 a5 26. Qe3 g6 27. Bg4 Qb8 28. Rg1 Qd8 29.
Qg3 Qb8 30. h4 Qb4 31. Qe3 Bc8 32. h5 g5 33. Rgf1 Ba6 34. Bxe6 Bxf1 35. Bxf7 Qb1 36. e6 Bd3+ 37. Kh2 Be4 38. Rg2 Qf1 39. Qf2 Bxg2 40. Qxf1 Bxf1 41. e7 Kg7 42. exf8=Q+ Kxf8 43. Be6 gxf4 44. Bd7 Bb5 45. Kg2 Ke7 46. Bf5 Kf6 47. Bxh7 Be2 48. Kf2 Bxh5 49. Bc2 Bg4 50. Ba4 Bd7 51.
Kf3 Kg5 52. a3 Be8 53. Kf2 Kg4 54. Bb3 Kf5 55. Bc2+ Kg5 56. Ba4 Bd7 57. Bc2 Kg4 58.
Ba4 Kf5 59. Bc2+ Kg4 60. Ba4 f3 61. Bc2 Kf4 62. Bd1 Ke4 63. Bxf3+ Kxd4 64. Ke2 Kxc5 65. Kd2 Kd6 66. Kc3 c5 67. Kd3 Bb5+ 68. Kc3 d4+ 69. Kb3 c4+ 70. Kc2 Kc5 71. Be4 Ba4+ 72. Kb2 c3+ 73. Ka2 Kc4 74. Bf5 d3 75. Be6+ Kd4 76.
Bf5 d2 77. Bg4 c2 0-1

[Event "*** Titled Tuesday Blitz"]
[Site "Chess.com"]
[Date "2021.02.09"]
[Round "1"]
[White "Siemba"]
[Black "eljanov"]
[Result "1/2-1/2"]
[WhiteElo "2468"]
[BlackElo "2916"]
[TimeControl "180+1"]
[EndTime "10:09:30 PST"]
[Termination "Game drawn - insufficient material"]

1. e4 c6 2. d4 d5 3. Nc3 dxe4 4.
Nxe4 Bf5 5. Ng3 Bg6 6. h4 h6 7.
Nf3 e6 8. h5 Bh7 9. Bd3 Bb4+ 10. c3 Bxd3 11. Qxd3 Be7 12. Ne5 Nd7 13. Nxd7 Qxd7 14.
Bf4 Nf6 15. O-O O-O 16. a4 c5 17. Rfd1 Rfd8 18. Qe2 Qc6 19. Be5 Rd7 20. dxc5 Qxc5 21. Bxf6 Rxd1+ 22. Rxd1 gxf6 23. Rd7 Qc6 24. Rxe7 Kf8 25.
Nf5 exf5 26. b3 Rd8 27. Re3 Qd5 28. c4 Qd4 29. Qf3 Qg4 30. g3 b6 31. Kg2 Kg7 32. Rc3 a5 33. c5 bxc5 34. Rxc5 Qxf3+ 35. Kxf3 Rd3+ 36. Kg2 Rxb3 37. Rxf5 Ra3 38. Rxa5 f5 39. Ra6 Kh7 40. a5 Kg7 41. Kf1 Ra2 42. Kg1 Kh7 43.
Ra8 Kg7 44. Ra6 Kh7 45. Kg2 Kg7 46. Kf3 Kh7 47. Ra8 Kg7 48. a6 Kf6 49. a7 Ra3+ 50.
Ke2 Kg7 51. Kd2 Ra2+ 52. Kc3 Ra4 53. Kb3 Ra1 54. Kc4 Ra5 55. Kd4 Kf6 56. Ke3 Ra3+ 57. Kf4 Ra4+ 58. Kf3 Ra3+ 59. Kg2 Ra2 60. Kf1 Ra1+ 61.
Ke2 Ra3 62. Kd2 Ra2+ 63. Kc3 Ra3+ 64. Kc4 Ra1 65. Kc5 Rc1+ 66. Kb6 Rb1+ 67. Kc6 Rc1+ 68.
Kd7 Ra1 69. Ke8 Kg7 70. Ke7 Re1+ 71. Kd6 Ra1 72. Ke5 Ra5+ 73. Kf4 Kf6 74. Rh8 Ra4+ 75. Kf3 Rxa7 76. Rxh6+ Kg5 77. Rh8 f6 78. Kg2 f4 79.
gxf4+ Kxf4 80. Kh3 Kg5 81. Kg3 Ra3+ 82. f3 f5 83. h6 f4+ 84. Kg2 Ra2+ 85. Kh3 Rf2 86. h7 Rxf3+ 87. Kh2 Kh6 88. Rf8 Kxh7 89. Kg2 Rg3+ 90.
Kf2 Rg4 91. Kf3 Rh4 92. Rxf4 Rxf4+ 93. Kxf4 1/2-1/2

[Event "*** Titled Tuesday Blitz"]
[Site "Chess.com"]
[Date "2021.02.09"]
[Round "1"]
[White "Akhayan"]
[Black "kikydu96"]
[Result "0-1"]
[WhiteElo "2301"]
[BlackElo "2609"]
[TimeControl "180+1"]
[EndTime "10:09:32 PST"]
[Termination "kikydu96 won by checkmate"]

1. d4 d5 2. c4 c6 3. cxd5 cxd5 4.
Nc3 Nf6 5. Nf3 Nc6 6. Bf4 a6 7. e3 e6 8. h3 b5 9. Bd3 Be7 10. O-O O-O 11. Qe2 Bb7 12. Rfc1 Rc8 13. a3 Na5 14.
Qd1 Nc4 15. Bxc4 dxc4 16. Ne5 Nd5 17. Nxd5 Qxd5 18. Qf3 f6 19. Qxd5 Bxd5 20. Nd7 Rfd8 21. Nb6 Rc6 22. Nxd5 exd5 23. f3 Kf7 24. Kf2 a5 25.
Rd1 Rd7 26. e4 Re6 27. e5 fxe5 28. Bxe5 Bd6 29. f4 Bxe5 30. fxe5 Rc6 31. Ke3 Ke6 32. Rf1 Rc8 33. Rf2 Rf7 34. Rxf7 Kxf7 35.
Kf4 Ke6 36. Ke3 c3 37. bxc3 Rxc3+ 38. Kd2 Rg3 39. Rg1 b4 40. axb4 axb4 41. Ke2 b3 42. Kf2 Rd3 43. Rb1 Rxd4 44. Rxb3 Kxe5 45. Rb7 Kf6 46.
Rb6+ Kf5 47. Rb7 Kg6 48. Rb6+ Kh5 49. Rb7 Kh6 50. Rb6+ g6 51. Rd6 Kg5 52. Ke3 Rd1 53. Ke2 Rd4 54. Ke3 Re4+ 55. Kf3 Re5 56. g3 h5 57. Rd8 Kf5 58. g4+ hxg4+ 59. hxg4+ Ke6 60. Ra8 g5 61. Ra6+ Kd7 62. Rg6 Ke7 63. Ra6 Re6 64.
Ra7+ Kd6 65. Rg7 Re5 66. Rg8 Kc5 67. Rc8+ Kd4 68. Rc7 Kd3 69. Rc5 Re3+ 70. Kf2 Re5 71. Kf3 Kd4 72. Ra5 Kc4 73. Kf2 Kb4 74. Ra8 d4 75. Rd8 Kc3 76. Rc8+ Kd2 77. Rc7 d3 78.
Rc8 Kd1 79. Rc7 d2 80. Rc8 Re4 81. Rc5 Rxg4 82. Kf1 Rf4+ 83. Kg2 Ke2 84. Re5+ Kd3 85. Rd5+ Rd4 86. Rxg5 d1=Q 87. Rg3+ Kd2 88. Kh3 Qh1# 0-1